 Dungeon Crawl Stone Soup version 0.31-a0-940-gdaa99269f9 (webtiles) character file.

Game seed: 354787088025225701

48656 Fodor the Bludgeoner (level 14, -2/132 HPs)
             Began as a Minotaur Fighter on Oct 20, 2023.
             Was an Initiate of Gozag.
             Slain by a catoblepas (3 damage)
             ... summoned by a boggart
             ... while petrified by a catoblepas
             ... on level 14 of the Dungeon on Oct 21, 2023.
             The game lasted 01:48:18 (16605 turns).

Fodor the Bludgeoner (Minotaur Fighter)            Turns: 16605, Time: 01:48:19

Health: -2/132     AC: 30    Str: 36    XL:     14   Next: 13%
Magic:  13/13      EV:  2    Int:  5    God:    Gozag
Gold:   1888       SH:  0    Dex:  9    Spells: 13/13 levels left

rFire   . . .        F - +5 great mace (drain)
rCold   . . .        (shield currently unavailable)
rNeg    + + +        l - +3 plate armour
rPois   ∞            U - +1 hat {Stlth+}
rElec   .            Y - +2 cloak
rCorr   .            g - +2 pair of gloves {Str+3}
SInv    +            A - +0 pair of boots
Will    ++...        B - amulet "Mima" {Reflect Harm rN++ SH+5 SInv Stlth-} Stlth
                     y - +6 ring of strength
HPRegen 0.42/turn    M - ring of willpower
MPRegen 0.13/turn

%: harm (+30% outgoing, +20% incoming), reflection
@: petrified
A: horns 2, retaliatory headbutt
a: Renounce Religion, Potion Petition, Call Merchant, Bribe Branch


You were on level 14 of the Dungeon.
You worshipped Gozag.
Gozag was most pleased with you.
You visited 2 branches of the dungeon, and saw 15 of its levels.
You also visited: Ossuary and Gauntlet.

You collected 3874 gold pieces.
You spent 1858 gold pieces at shops.
You paid 128 gold pieces to Gozag.

Inventory:

Hand Weapons
 s - the +1 great mace of Qehagacs {flame, rPois rF+ rC+}
   (You took it off a centaur warrior on level 14 of the Dungeon)

   rF+:       It protects you from fire.
   rC+:       It protects you from cold.
   rPois:     It protects you from poison
 F - a +5 great mace of draining (weapon)
 K - the +4 eveningstar of the Growing Penguin {spect, Dex+3 SInv}
   (You acquired it on level 10 of the Dungeon)

   Dex+3:     It affects your dexterity (+3).
   SInv:      It lets you see invisible.
 Z - a +0 arbalest of draining
Missiles
 C - 6 silver javelins (quivered)
Armour
 g - a +2 pair of gloves of strength (worn)
 l - a +3 plate armour (worn)
 x - a +1 hat of see invisible
 A - a +0 pair of boots (worn)
 L - an orb of mayhem
 U - a +1 hat of stealth (worn)
 Y - a +2 cloak (worn)
Jewellery
 d - a ring of fire
 o - a ring of protection from cold
 t - a +6 ring of dexterity
 y - a +6 ring of strength (left hand)
 B - the amulet "Mima" (around neck) {Reflect Harm rN++ SH+5 SInv Stlth-}
   (You found it in a Gauntlet)

   [amulet of reflection]

   Reflect:   It reflects blocked missile attacks.
   rN++:      It greatly protects you from negative energy.
   SInv:      It lets you see invisible.
   SH+5:      It affects your SH (+5).
   Harm:      It increases damage dealt and taken.
   Stlth-:    It makes you less stealthy.
 D - an amulet of guardian spirit
 H - a ring of positive energy
 M - a ring of willpower (right hand)
 R - a +4 ring of protection
 S - a ring of willpower
 X - an amulet of the acrobat
Talismans
 V - a serpent talisman
Wands
 N - a wand of paralysis (10)
 P - a wand of flame (22)
 Q - a wand of polymorph (25)
 T - a wand of acid (3)
Scrolls
 b - 5 scrolls of revelation
 e - a scroll of summoning
 h - 6 scrolls of teleportation
 j - 2 scrolls of fear
 k - a scroll of amnesia
 m - 2 scrolls of fog
 r - 3 scrolls of immolation
 u - 5 scrolls of blinking
 W - 2 scrolls of vulnerability
Potions
 a - a potion of enlightenment {unknown}
 f - 5 potions of invisibility
 i - 6 potions of mutation
 n - 3 potions of curing
 p - a potion of haste
 q - 4 potions of brilliance
 v - 4 potions of magic
 w - 5 potions of lignification
 z - 3 potions of might
 G - a potion of resistance
 I - a potion of ambrosia
 J - a potion of cancellation
Miscellaneous
 c - a phial of floods
 O - a box of beasts


   Skills:
 + Level 14.0 Fighting
 + Level 3.7 Long Blades
 + Level 17.8 Maces & Flails
 + Level 3.0 Polearms
 + Level 1.3 Ranged Weapons
 + Level 5.0 Throwing
 + Level 15.9 Armour
 + Level 2.2 Dodging
 + Level 3.4 Stealth
 + Level 7.4 Shields
 + Level 0.4 Evocations


You had 13 spell levels left.
You didn't know any spells.
Your spell library contained the following spells:

 Spells                   Type           Power      Damage    Failure   Level
 Foxfire                  Conj/Fire      0%         2x1d4     91%         1
 Cigotuvi's Dreadful Rot  Necr/Pois/Air  0%         N/A       97%         2
 Call Canine Familiar     Summ           0%         N/A       99%         3
 Ignite Poison            Fire/Tmut/Pois 0%         N/A       99%         3
 Sigil of Binding         Hex            0%         N/A       99%         3
 Dimensional Bullseye     Hex/Tloc       0%         N/A       100%        4
 Leda's Liquefaction      Hex/Erth       0%         N/A       100%        4
 Freezing Cloud           Conj/Ice/Air   0%         6-21      100%        5
 Plasma Beam              Fire/Air       0%         2x1d10    100%        6
 Starburst                Conj/Fire      0%         6d3       100%        6


Dungeon Overview and Level Annotations

Branches:
Dungeon (14/15)            Temple (1/1) D:6            Lair (0/5) D:9
    Orc (0/2) D:10        Ossuary (visited)         Gauntlet (visited)
 Vaults: D:13-14

Altars:
Ashenzari
Cheibriados
Dithmenos
Elyvilon
Fedhas
Gozag
Hepliaklqana
Kikubaaqudgha
Makhleb
Nemelex Xobeh
Okawaru
Qazlal
Ru
Sif Muna
Trog
Uskayaw
Vehumet
Wu Jian
Xom
Yredelemnul
Zin
The Shining One

Shops:
D:4 ?   D:7 *   D:10 ?(


Innate Abilities, Weirdness & Mutations

You have a pair of horns on your head.
You reflexively headbutt those who attack you in melee.


Message History

The catoblepas breathes a plume of calcifying dust at you.
The blast of calcifying dust hits you but does no damage.
The boggart hits you but does no damage.
The red ugly thing is distracted by your dazzling golden aura.
The red ugly thing gurgles horribly! x2
You are engulfed in calcifying dust.
The orc warrior hits you from afar with a +0 glaive.
* * * LOW HITPOINT WARNING * * *
The cyan ugly thing barely misses you.
The orc wizard hits you but does no damage.
The boggart hits you but does no damage.
The catoblepas breathes in.
The catoblepas gores you but does no damage.
You are engulfed in calcifying dust.
The orc warrior hits you but does no damage.
The cyan ugly thing tail-slaps you but does no damage.
The orc wizard hits you but does no damage.
The boggart hits you but does no damage.
The catoblepas gores you.
* * * LOW HITPOINT WARNING * * *
You are engulfed in calcifying dust.
The boggart hits you but does no damage.
The orc wizard hits you but does no damage.
The cyan ugly thing tail-slaps you.
* * * LOW HITPOINT WARNING * * *
The cyan ugly thing shocks you!
* * * LOW HITPOINT WARNING * * *
The orc warrior is distracted by your dazzling golden aura.
The catoblepas breathes a plume of calcifying dust at you.
The blast of calcifying dust hits you but does no damage.
The orc warrior shouts!
You are engulfed in calcifying dust.
The orc warrior is no longer distracted by gold.
The boggart hits you.
The orc wizard hits you but does no damage.
The cyan ugly thing tail-slaps you but does no damage.
The orc warrior hits you from afar with a +0 glaive.
The catoblepas gores you!
You die...
Your body crumbles into a pile of gold.

#.##..###..##.# .#. ..
##..#..## # ..#. ...
#..#...# .. #. ###
#:.##.## #.
#.#####'####### +# #.
#....^......... .. ...
........u.#.....
...#### .#######uu#
#### #..#.. . #@Y# K
#.... o #g.##.
#######.# #.#oo#(#
.#.......#
o##.#..#.##.. ####....
........Hg #.#...#.
###.#..#(######.#####.
........$$............
.......$........######
###.#..#.#####..###


You could see a catoblepas (summoned), 3 ugly things, an orc warrior, a boggart
(invisible) and an orc wizard.

Vanquished Creatures
  Jorgrun (D:14)
  A sphinx (D:14)
  Gastronok (D:11)
  Nessos (D:13)
  A minotaur (Gauntlet)
  A fire dragon (D:14)
  A hydra (D:14)
  Harold (D:11)
  Erica (D:11)
  3 centaur warriors (D:14)
  4 boulder beetles
  4 two-headed ogres
  3 tengu warriors
  Urug (D:11)
  3 death yaks (D:9)
  Nergalle (D:10)
  Amaemon (D:8)
  A deep troll (D:14)
  An orange crystal statue (D:10)
  A deep elf zephyrmancer (D:14)
  An orc knight (D:14)
  15 ugly things
  3 deep elf pyromancers
  5 cyclopes
  3 manticores
  A black mamba (shapeshifter) (D:13)
  2 gargoyles
  Maggie (D:10)
  A kobold demonologist (D:10)
  An unseen horror (D:12)
  3 yaktaurs (D:14)
  An efreet (D:11)
  Jeremiah (D:8)
  4 trolls
  The ghost of MrSquiggles the Spear-Bearer, an amateur MiFi of Okawaru (D:3)
  A wolf spider simulacrum (Gauntlet)
  6 meliai
  3 hornets
  Prince Ribbit (D:9)
  7 slime creatures
  2 centaur simulacra (Gauntlet)
  A shadow (D:11)
  A wraith (D:12)
  2 vampires
  3 wyverns
  21 yaks
  2 steam dragons
  2 harpy simulacra (Gauntlet)
  3 swamp worms (Gauntlet)
  3 acid dragons
  4 water moccasins
  A sky beast (D:6)
  2 orc warriors
  5 centaurs
  A phantom (D:4)
  7 kobold brigands
  3 bullfrogs
  5 scorpions
  11 wights
  9 killer bees
  4 howler monkeys
  5 hounds
  2 human zombies (Ossuary)
  4 orc priests
  3 iguanas
  Terence (D:3)
  7 orc wizards
  2 hell rats (D:9)
  5 mummies
  Robin (D:2)
  13 gnolls
  5 adders
  3 river rats (D:9)
  A white imp (D:7)
  A worm (D:4)
  A dart slug (D:4)
  39 orcs
  4 bats
  6 endoplasms
  2 giant cockroaches (D:3)
  31 hobgoblins
  8 quokkas
  7 ball pythons
  4 frilled lizards
  43 goblins
  A goblin zombie (Ossuary)
  4 hobgoblin zombies
  28 kobolds
  2 kobold zombies
  An orc zombie (Ossuary)
  6 rats
425 creatures vanquished.

Vanquished Creatures (others)
  An orc wizard (D:7)
  2 kobolds (D:11)
  2 spectral weapons
5 creatures vanquished.

Grand Total: 430 creatures vanquished

Notes
Turn   | Place    | Note
-------+----------+-------------------------------------------
     0 | D:1      | Fodor the Minotaur Fighter began the quest for the Orb.
     0 | D:1      | Reached XP level 1. HP: 19/19 MP: 0/0
   384 | D:1      | Reached XP level 2. HP: 27/27 MP: 1/1
   855 | D:2      | Found a faded altar of an unknown god.
  1227 | D:2      | Noticed Robin
  1298 | D:2      | Reached XP level 3. HP: 25/33 MP: 2/2
  1315 | D:2      | Killed Robin
  1683 | D:2      | Found a snail-covered altar of Cheibriados.
  1864 | D:3      | Reached XP level 4. HP: 35/40 MP: 3/3
  1961 | D:3      | Reached skill level 1 in Maces & Flails
  2005 | D:3      | Found a transporter.
  2061 | D:3      | Found a transporter.
  2062 | D:3      | Noticed MrSquiggles's ghost (amateur MiFi)
  2430 | D:3      | Noticed Terence
  2440 | D:3      | Killed Terence
  2835 | D:4      | Reached skill level 5 in Shields
  2835 | D:4      | Reached XP level 5. HP: 36/47 MP: 4/4
  2858 | D:4      | Found a glowing silver altar of Zin.
  2905 | D:4      | Noticed a phantom
  2912 | D:4      | Killed a phantom
  2913 | D:4      | Reached skill level 2 in Maces & Flails
  2988 | D:4      | Found Jetsycaq's Magic Scroll Shop.
  3006 | D:4      | Bought a scroll of identify for 24 gold pieces
  3056 | D:4      | Reached skill level 5 in Armour
  3074 | D:4      | Reached XP level 6. HP: 39/53 MP: 5/5
  3717 | D:4      | Found a glowing golden altar of the Shining One.
  3830 | D:4      | Found an iron altar of Okawaru.
  4029 | D:5      | Entered Level 5 of the Dungeon
  4188 | D:5      | Reached skill level 3 in Maces & Flails
  4251 | D:5      | Reached skill level 5 in Fighting
  4346 | D:5      | Found an opulent altar of Gozag.
  4351 | D:5      | Found an opulent altar of Gozag.
  4351 | D:5      | Found an opulent altar of Gozag.
  4358 | D:5      | Became a worshipper of Gozag Ym Sagoz the Greedy
  4396 | D:5      | Reached XP level 7. HP: 52/61 MP: 6/6
  4427 | D:5      | Found an opulent altar of Gozag.
  4554 | D:5      | Reached skill level 4 in Maces & Flails
  4782 | D:5      | Found a snail-covered altar of Cheibriados.
  5187 | D:5      | Reached skill level 5 in Maces & Flails
  5670 | D:4      | Bought a scroll of teleportation for 36 gold pieces
  5670 | D:4      | Bought a scroll of fog for 48 gold pieces
  5670 | D:4      | Bought a scroll of enchant armour for 90 gold pieces
  5670 | D:4      | Bought a scroll of enchant armour for 90 gold pieces
  5670 | D:4      | Bought a scroll of blinking for 90 gold pieces
  5670 | D:4      | Bought a scroll of teleportation for 36 gold pieces
  5728 | D:6      | Reached XP level 8. HP: 69/69 MP: 7/7
  5745 | D:6      | Found a staircase to the Ecumenical Temple.
  5777 | Temple   | Entered the Ecumenical Temple
  5789 | D:6      | Found a hide-covered altar of Uskayaw.
  5900 | D:6      | Reached skill level 6 in Maces & Flails
  6050 | D:6      | Reached skill level 1 in Polearms
  6637 | D:7      | Found an ornate altar of the Wu Jian Council.
  6692 | D:7      | Found a basalt altar of Yredelemnul.
  6746 | D:7      | Identified the +0 leather armour of Chimes {Dex+2}
  7165 | D:7      | Found Dioran's Assorted Antiques.
  7174 | D:7      | Bought a runed great mace for 285 gold pieces
  7174 | D:7      | Bought a scroll of identify for 60 gold pieces
  7174 | D:7      | Bought a bubbling golden potion for 27 gold pieces
  7335 | D:3      | Killed MrSquiggles's ghost
  7336 | D:3      | Reached skill level 7 in Maces & Flails
  7473 | D:8      | Reached XP level 9. HP: 67/78 MP: 5/8
  7532 | D:8      | Reached skill level 8 in Maces & Flails
  7532 | D:8      | Reached skill level 1 in Dodging
  7573 | D:8      | Found a faded altar of an unknown god.
  7665 | D:8      | Found a sand-covered staircase.
  7671 | Ossuary  | Entered an ossuary
  8011 | D:8      | Noticed Jeremiah
  8055 | D:8      | Killed Jeremiah
  8056 | D:8      | Reached skill level 9 in Maces & Flails
  8056 | D:8      | Reached skill level 1 in Throwing
  8607 | D:8      | Noticed Amaemon
  8608 | D:8      | Noticed an orange demon
  8621 | D:8      | Killed Amaemon
  8622 | D:8      | Reached skill level 10 in Maces & Flails
  8622 | D:8      | Reached XP level 10. HP: 56/88 MP: 6/9
  9037 | D:8      | Found a radiant altar of Vehumet.
  9061 | D:8      | Reached skill level 10 in Armour
  9200 | D:8      | Found a sacrificial altar of Ru.
  9343 | D:9      | Noticed Prince Ribbit
  9363 | D:9      | Killed Prince Ribbit
  9644 | D:9      | Found an ancient bone altar of Kikubaaqudgha.
  9708 | D:9      | Reached skill level 1 in Stealth
  9730 | D:9      | Reached skill level 11 in Maces & Flails
  9859 | D:9      | Found a staircase to the Lair.
  9860 | D:9      | Noticed a death yak
  9860 | D:9      | Noticed a death yak
  9875 | D:9      | Noticed a death yak
  9886 | D:9      | Killed a death yak
  9888 | D:9      | Killed a death yak
  9889 | D:9      | Reached skill level 12 in Maces & Flails
  9891 | D:9      | Killed a death yak
 10022 | D:9      | Reached XP level 11. HP: 95/95 MP: 10/10
 10070 | D:9      | Reached skill level 13 in Maces & Flails
 10206 | D:9      | Found a burning altar of Makhleb.
 10288 | D:10     | Entered Level 10 of the Dungeon
 10340 | D:10     | Noticed a two-headed ogre
 10352 | D:10     | Killed a two-headed ogre
 10353 | D:10     | Noticed a two-headed ogre
 10359 | D:10     | Killed a two-headed ogre
 10452 | D:10     | Found Xekom's Magic Scroll Boutique.
 10456 | D:10     | Bought 3 scrolls of identify for 90 gold pieces
 10456 | D:10     | Bought a scroll of identify for 30 gold pieces
 10456 | D:10     | Bought a scroll of identify for 30 gold pieces
 10456 | D:10     | Bought a scroll of enchant weapon for 112 gold pieces
 10456 | D:10     | Bought a scroll of acquirement for 780 gold pieces
 10456 | D:10     | Bought a scroll of identify for 30 gold pieces
 10465 | D:10     | Acquired the +4 eveningstar of the Growing Penguin {spect,
                  | Dex+3 SInv}
 10539 | D:10     | Found a shimmering altar of Xom.
 10539 | D:10     | Found a shimmering altar of Xom.
 10539 | D:10     | Found a shimmering altar of Xom.
 10539 | D:10     | Found a shimmering altar of Xom.
 10539 | D:10     | Noticed Nergalle
 10540 | D:10     | Found a shimmering altar of Xom.
 10540 | D:10     | Found a shimmering altar of Xom.
 10540 | D:10     | Found a shimmering altar of Xom.
 10540 | D:10     | Found a shimmering altar of Xom.
 10544 | D:10     | Killed Nergalle
 10548 | D:10     | Reached skill level 14 in Maces & Flails
 10548 | D:10     | Found Ygats's Antique Weapon Shop.
 10550 | D:10     | a boggart changed into an entropy weaver
 10550 | D:10     | Noticed an entropy weaver (shapeshifter)
 10733 | D:10     | Noticed Maggie
 10742 | D:10     | Killed Maggie
 10883 | D:10     | Noticed a swamp dragon
 10886 | D:10     | Noticed a death drake
 10918 | D:10     | Noticed an orange crystal statue
 10926 | D:10     | Lost intelligence.
 10950 | D:10     | Killed an orange crystal statue
 10951 | D:10     | Reached skill level 1 in Ranged Weapons
 11007 | D:10     | Noticed an alligator
 11011 | D:10     | an alligator changed into a radroach
 11011 | D:10     | Noticed a radroach (shapeshifter)
 11125 | D:10     | Found a large runed translucent door.
 11126 | D:10     | Found a large runed translucent door.
 11157 | D:10     | Found a shadowy altar of Dithmenos.
 11173 | D:10     | Found a bloodstained altar of Trog.
 11204 | D:10     | Found a staircase to the Orcish Mines.
 11274 | D:10     | Found a hazy altar of Hepliaklqana.
 11451 | D:11     | Reached skill level 10 in Fighting
 11473 | D:11     | Noticed Gastronok
 11482 | D:11     | Killed Gastronok
 11524 | D:11     | Noticed Urug
 11537 | D:11     | Killed Urug
 11538 | D:11     | Reached skill level 15 in Maces & Flails
 11708 | D:11     | Noticed Harold
 11716 | D:11     | Killed Harold
 11717 | D:11     | Reached XP level 12. HP: 87/107 MP: 7/11
 12125 | D:11     | Noticed Erica
 12135 | D:11     | Killed Erica
 12377 | D:12     | Noticed a tengu warrior
 12385 | D:12     | Killed a tengu warrior
 12488 | D:12     | Reached skill level 16 in Maces & Flails
 12727 | D:12     | Noticed a two-headed ogre
 12728 | D:12     | Noticed a boulder beetle
 12740 | D:12     | Killed a two-headed ogre
 12750 | D:12     | Killed a boulder beetle
 13898 | D:13     | Noticed Nessos
 13919 | D:13     | Killed Nessos
 14346 | D:13     | Noticed a boulder beetle
 14361 | D:13     | Killed a boulder beetle
 14362 | D:13     | Reached XP level 13. HP: 83/116 MP: 12/12
 14697 | D:14     | Reached skill level 17 in Maces & Flails
 14804 | D:14     | Noticed Jorgrun
 14813 | D:14     | Killed Jorgrun
 14830 | D:14     | Noticed a sphinx
 15168 | D:14     | Found a gate leading to a gauntlet.
 15175 | Gauntlet | Entered a Gauntlet
 15175 | Gauntlet | Found a large runed translucent door.
 15175 | Gauntlet | Found a large runed translucent door.
 15175 | Gauntlet | Found a large runed translucent door.
 15175 | Gauntlet | Found a large runed translucent door.
 15175 | Gauntlet | Found a runed translucent door.
 15175 | Gauntlet | Found a large runed translucent door.
 15175 | Gauntlet | Found a large runed translucent door.
 15175 | Gauntlet | Found a transporter.
 15175 | Gauntlet | Found a transporter.
 15175 | Gauntlet | Found a large runed translucent door.
 15175 | Gauntlet | Found a large runed translucent door.
 15175 | Gauntlet | Found a runed translucent gate.
 15175 | Gauntlet | Found a runed translucent gate.
 15175 | Gauntlet | Found a transporter.
 15198 | Gauntlet | Found a transporter.
 15199 | Gauntlet | Found a transporter.
 15209 | Gauntlet | Found a transporter.
 15212 | Gauntlet | Found a transporter.
 15223 | Gauntlet | Found a transporter.
 15258 | Gauntlet | Found a transporter.
 15258 | Gauntlet | Found a transporter.
 15262 | Gauntlet | Found a transporter.
 15268 | Gauntlet | Found a runed translucent gate.
 15270 | Gauntlet | Found a large runed translucent door.
 15271 | Gauntlet | Found a large runed translucent door.
 15272 | Gauntlet | Found a runed translucent door.
 15284 | Gauntlet | Found a large runed translucent door.
 15284 | Gauntlet | Found a large runed translucent door.
 15285 | Gauntlet | Found a large runed translucent door.
 15285 | Gauntlet | Found a large runed translucent door.
 15286 | Gauntlet | Found a large runed translucent door.
 15286 | Gauntlet | Found a large runed translucent door.
 15327 | Gauntlet | Found a transporter.
 15581 | Gauntlet | Reached skill level 15 in Armour
 15824 | Gauntlet | Identified the amulet "Mima" {Reflect Harm rN++ SH+5 SInv
                  | Stlth-}
 15899 | Gauntlet | Noticed a minotaur
 15905 | Gauntlet | Killed a minotaur
 16062 | D:14     | Killed a sphinx
 16406 | D:14     | Noticed a fire dragon
 16420 | D:14     | Killed a fire dragon
 16421 | D:14     | Reached XP level 14. HP: 110/129 MP: 13/13
 16425 | D:14     | Identified the +1 great mace of Qehagacs {flame, rPois rF+
                  | rC+}
 16527 | D:14     | Identified the staff "Guff" {rPois rC+ Poison}
 16591 | D:14     | Reached skill level 5 in Throwing
 16604 | D:14     | HP: 1/132 [cyan ugly thing[a boggart] (7)]
 16605 | D:14     | Slain by a catoblepas

Illustrated notes

Levels and vault maps discovered:
D:1:      dpeg_arrival_round_a, layout_loops_cross,
          nicolae_houndstooth_variations
D:2:      layout_loops_corners, chequers_ecumenical_altar_simple_redux,
          basic_altar, minmay_pentomino_p2, uniq_robin
D:3:      layout_basic, gammafunk_ghost_arena, uniq_terence
D:4:      layout_loops_ring, tso_altar, lemuel_round_altar, okawaru_gym_becter,
          serial_shops, nicolae_square_shop, grunt_decor_resistance,
          grunt_decor_arrowhead
D:5:      minmay_goblin_kobold_castle, layout_gridville, slow_altar_2,
          nicolae_gozag_conspicuous_consumption, patterned_corridor
D:6:      layout_basic, nicolae_uskayaw_dance_studio, temple_statues
D:7:      layout_loops_ring, yredelemnul_altar_generic,
          nicolae_overflow_crystal_walls, serial_shops,
          nicolae_shop_just_a_little_nook
D:8:      layout_cave_pools, nicolae_ru_path_of_blood,
          mainiacjoe_overflow_surrounded_room, serial_column_ruins,
          column_ruins_hut, column_ruins_temple_hall, column_ruins_open_small,
          column_ruins_grid_1, column_ruins_grid_1, column_ruins_columns_plus,
          column_ruins_grid_3, nicolae_ossuary_entry_giza, chequers_mini_garden,
          uniq_amaemon, uniq_jeremiah
D:9:      layout_long_grid, mainiacjoe_overflow_brackets, kennysheep_mini_moat,
          dpeg_lair_monsters, uniq_prince_ribbit1
D:10:     minmay_statue_hallways, layout_basic, xom_shifter_show,
          nicolae_hepliaklqana_hazy_memory, jmf_multi_god_temple2, orc_0_dummy,
          serial_shops, shop, nicolae_shop_rolled_up, kennysheep_generic_room_7,
          uniq_maggie, uniq_nergalle
D:11:     layout_loops_ring, kennysheep_generic_room_8, uniq_urug, uniq_harold,
          uniq_gastronok, uniq_erica
D:12:     layout_long_grid, minmay_misc_feat_columns
D:13:     layout_cave_pods, uniq_nessos
D:14:     layout_basic, hangedman_vaults_entry_quadrant_bands,
          gauntlet_entry_generic, infiniplex_staircase_zigzag_1,
          minmay_the_grid_2x2 [minmay_the_grid_expand, minmay_the_grid_embedded,
          minmay_the_grid_aliased_spiral,
          minmay_the_grid_prize_four_corners_diamond_a], uniq_jorgrun
Temple:   hellmonk_temple_beads

Skill      XL: |  1  2  3  4  5  6  7  8  9 10 11 12 13 14 |
---------------+-------------------------------------------+-----
Fighting       | 4 5 6 8 10 11 13 14 | 14.0
Armour         | 4 5 6 8 9 10 12 13 15 | 15.9
Shields        | 4 5 6 7 |  7.4
Long Blades    | 3 |  3.7
Maces & Flails | 1 2 3 5 7 10 12 15 16 17 | 17.8
Polearms       | 3 |  3.0
Dodging        | 1 2 |  2.2
Throwing       | 1 2 4 5 |  5.0
Stealth        | 1 2 3 |  3.4
Ranged Weapons | 1 |  1.3
Evocations     | |  0.4

Action                     |  1- 3 |  4- 6 |  7- 9 | 10-12 | 13-15 || total
---------------------------+-------+-------+-------+-------+-------++-------
  Melee: Long sword        |    93 |       |       |       |       ||    93
         Headbutt          |    10 |    26 |    55 |    84 |    45 ||   220
         Mace              |    14 |   120 |       |       |       ||   134
         Flail             |       |    11 |   200 |       |       ||   211
         Spear             |       |       |    40 |       |       ||    40
         Great mace        |       |       |   111 |   122 |    10 ||   243
         Eveningstar       |       |       |       |   227 |   152 ||   379
         Punch             |       |       |       |     9 |       ||     9
   Fire: Shortbow          |       |       |     5 |     3 |       ||     8
  Throw: Dart              |       |       |    12 |    19 |       ||    31
         Javelin           |       |       |       |     3 |    17 ||    20
         Throwing net      |       |       |       |       |     1 ||     1
  Evoke: Wand              |       |       |       |     1 |       ||     1
    Use: Scroll            |     1 |     2 |     7 |    14 |     9 ||    33
         Potion            |     1 |       |     7 |     2 |    11 ||    21
   Stab: Distracted        |       |       |     2 |     4 |     2 ||     8
         Paralysed         |       |       |       |     2 |       ||     2
 Armour: Scale mail        |    43 |       |       |       |       ||    43
         Plate armour      |    97 |   130 |   544 |   342 |   200 ||  1313
  Dodge: Dodged            |    48 |    35 |   246 |   151 |    58 ||   538
  Block: Buckler           |    38 |    28 |    83 |       |       ||   149
         Other             |       |       |       |       |    10 ||    10
         Reflection        |       |       |       |       |     2 ||     2

Table legend: (Time is in decaauts)
 A = Elapsed time spent in this place.
 B = Non-inter-level travel time spent in this place.
 C = Inter-level travel time spent in this place.
 D = Time resting spent in this place.
 E = Time spent auto-exploring this place.
 F = Levels seen in this place.
 G = Mean time per level.
                   A        B        C        D        E       F      G
               +--------+--------+--------+--------+--------+-----+--------+
         Total |  17003 |  16291 |    712 |   2547 |     57 |  17 | 1000.2 |
       Dungeon |  15872 |  15160 |    712 |   2243 |     57 |  14 | 1133.7 |
        Temple |      7 |      7 |      0 |      0 |      0 |   1 |    7.0 |
       Ossuary |    322 |    322 |      0 |     72 |      0 |   1 |  322.0 |
      Gauntlet |    801 |    801 |      0 |    232 |      0 |   1 |  801.0 |
               +--------+--------+--------+--------+--------+-----+--------+

Top non-repeatable levels by time:
     D:5: 1635 daAuts
     D:8: 1496 daAuts
     D:4: 1487 daAuts
    D:10: 1373 daAuts
    D:13: 1228 daAuts
    D:12: 1140 daAuts
     D:2: 1096 daAuts
    D:14: 1091 daAuts
     D:9: 1069 daAuts
     D:3: 1000 daAuts
     D:7: 882 daAuts
    D:11: 866 daAuts
Gauntlet: 801 daAuts
     D:1: 755 daAuts
     D:6: 747 daAuts
